 Dungeon Crawl Stone Soup version 0.26-a0-639-g72c4674329 (webtiles) character file.

Game seed: 14588334348470361124

1546 Colgate the Grappler (level 8, -14/66 HPs)
             Began as a Troll Abyssal Knight on Sept 18, 2020.
             Was an Elder of Lugonu.
             Demolished by a cyan ugly thing (15 damage)
             ... on level 7 of the Dungeon.
             The game lasted 00:41:06 (5837 turns).

Colgate the Grappler (Troll Abyssal Knight)         Turns: 5837, Time: 00:41:07

Health: -14/66     AC:  7    Str: 19    XL:     8   Next: 57%
Magic:  0/8        EV:  7    Int:  8    God:    Lugonu [****..]
Gold:   355        SH:  7    Dex: 11    Spells: 7/7 levels left

rFire    . . .     SeeInvis +     - Unarmed
rCold    . . .     Faith    .   E - +0 kite shield
rNeg     . . .     Spirit   +   l - +1 robe
rPois    .         Reflect  .   u - +0 hat
rElec    .         Harm     .   (no cloak)
rCorr    .         Rampage  .   (gloves unavailable)
MR       ++...                  (boots unavailable)
Stlth    +.........             z - amulet of guardian spirit
HPRegen  0.61/turn              g - ring of protection from magic
MPRegen  0.11/turn              B - ring of see invisible

@: no status effects
A: large, unfitting armour, claws 3, frail 1, magic resistance 1, regeneration
1, shaggy fur 1, tough skin 3, weak 1
a: Depart the Abyss, Bend Space, Banish, Corrupt, Renounce Religion


You were on level 7 of the Dungeon.
You worshipped Lugonu.
Lugonu was greatly pleased with you.
You visited 1 branch of the dungeon, and saw 7 of its levels.
You visited the Abyss 1 time.

You collected 355 gold pieces.

Inventory:

Hand Weapons
 a - a +1 hunting sling
Missiles
 b - 23 sling bullets
 c - 238 stones
 j - 98 arrows
 n - 4 silver boomerangs
 r - 7 boomerangs
 x - 7 poisoned darts (quivered)
Armour
 l - a +1 robe (worn)
 u - a +0 hat (worn)
 E - a +0 kite shield (worn)
Jewellery
 g - a ring of protection from magic (left claw)
 i - an uncursed ring of positive energy
 z - an amulet of guardian spirit (around neck)
 B - a ring of see invisible (right claw)
Wands
 m - a wand of digging (2)
 p - a wand of random effects (24)
 w - a wand of flame (6)
 F - a wand of iceblast (6)
Scrolls
 d - a scroll of amnesia {unknown}
 e - 4 scrolls of identify
 f - 2 scrolls of teleportation
 h - 7 scrolls of remove curse
 v - 2 scrolls of blinking {unknown}
 y - a scroll of magic mapping {unknown}
 A - a scroll of noise {unknown}
 C - a scroll of silence {unknown}
 D - a scroll of fog
Potions
 k - a potion of brilliance
 o - a potion of invisibility
 q - a potion of degeneration
 s - 3 potions of might
 t - a potion of curing


   Skills:
 - Level 2.4 Fighting
 - Level 4.0(4.1) Slings
 - Level 1.0(3.5) Throwing
 - Level 2.0 Dodging
 + Level 0.0 Shields
 - Level 9.0 Unarmed Combat
 - Level 1.5 Invocations


You had 7 spell levels left.
You didn't know any spells.
Your spell library contained the following spells:

 Spells                   Type           Power        Failure   Level
 Confusing Touch          Hex            #.......     100%        3
 Gell's Gravitas          Tloc           #.........   100%        3
 Petrify                  Tmut/Erth      #.......     100%        4
 Metabolic Englaciation   Hex/Ice        #.........   100%        5
 Yara's Violent Unravell  Hex/Tmut       #.........   100%        5


Dungeon Overview and Level Annotations

Branches:
Dungeon (7/15)             Temple (0/1) D:6

Altars:
Elyvilon
Hepliaklqana
Makhleb
Okawaru
Sif Muna
Trog
Wu Jian
Xom


Innate Abilities, Weirdness & Mutations

You are too large for most types of armour.
You have claws for hands.
Your natural rate of healing is unusually fast.
You are covered in fur. (AC +1)
You have extremely tough skin. (AC +3)
You are frail. (-10% HP)
You are resistant to hostile enchantments. (MR+)
You are weak. (Str -2)


Message History

The cyan ugly thing is moderately wounded.
The cyan ugly thing barely misses you.
You scratch the cyan ugly thing.
The cyan ugly thing is moderately wounded.
The cyan ugly thing gores you! The cyan ugly thing shocks you!
You closely miss the cyan ugly thing.
The cyan ugly thing is moderately wounded.
The cyan ugly thing gores you! The cyan ugly thing shocks you!
You claw the cyan ugly thing!
The cyan ugly thing is heavily wounded.
The cyan ugly thing gores you!
* * * LOW HITPOINT WARNING * * *
The cyan ugly thing shocks you!
* * * LOW HITPOINT WARNING * * *
You claw the cyan ugly thing!
The cyan ugly thing is severely wounded.
The cyan ugly thing gores you.
* * * LOW HITPOINT WARNING * * *
The cyan ugly thing shocks you!
You die...

... #.. . #..# ..
...#####... # ..........
#.#.......!.
#........<...
###############.####..?.
...............†@.......
#####.....######u###....
..........# #..# .
..........# ##(#
......##### (. ......#
(.. ......# .... ......#
..... ......# ......


You could see a cyan ugly thing.

Vanquished Creatures
  Duvessa (D:4)
  A sky beast (D:5)
  2 ice beasts
  A phantom (D:2)
  2 bullfrogs (D:6)
  Dowan (D:4)
  A scorpion (D:5)
  A howler monkey (D:6)
  2 hounds (D:6)
  An orc priest (D:6)
  A bullfrog skeleton (D:4)
  A centaur skeleton (D:4)
  4 orc wizards
  Natasha (thrice) (D:4)
  6 worker ants
  Ijyb (D:3)
  4 gnolls
  14 adders
  A river rat (D:4)
  A shadow imp (D:6)
  A white imp (D:6)
  An ooze (D:1)
  An adder skeleton (D:5)
  An adder zombie (D:6)
  A worm (D:2)
  5 dart slugs
  7 leopard geckos
  11 orcs
  3 ball pythons
  6 giant cockroaches
  10 goblins
  5 hobgoblins
  2 jackals (D:4)
  3 kobolds
  4 quokkas
  8 bats
  3 frilled lizards
  A jackal skeleton (D:4)
  A jackal zombie (D:5)
  15 rats
  A butterfly (D:2)
139 creatures vanquished.

Notes
Turn   | Place    | Note
-------+----------+-------------------------------------------
     0 | Abyss:1  | Colgate the Troll Abyssal Knight began the quest for the
                  | Orb.
     0 | Abyss:1  | Reached XP level 1. HP: 22/22 MP: 1/1
    67 | Abyss:1  | Noticed a neqoxec
   108 | Abyss:1  | Noticed a quasit
   108 | Abyss:1  | Noticed an ancient zyme
   109 | D:1      | Escaped the Abyss
   204 | D:1      | Reached * piety under Lugonu
   386 | D:1      | Reached XP level 2. HP: 29/29 MP: 2/2
   557 | D:1      | Reached skill level 3 in Unarmed Combat
   676 | D:1      | Reached XP level 3. HP: 36/36 MP: 3/3
   726 | D:1      | Reached skill level 1 in Throwing
  1108 | D:2      | Found a shimmering blue altar of Sif Muna.
  1320 | D:2      | Found a shimmering altar of Xom.
  1333 | D:2      | Reached skill level 4 in Unarmed Combat
  1391 | D:2      | Reached XP level 4. HP: 27/44 MP: 4/4
  1493 | D:2      | Reached ** piety under Lugonu
  1605 | D:2      | Noticed a phantom
  1614 | D:2      | Killed a phantom
  1614 | D:2      | Reached skill level 5 in Unarmed Combat
  1614 | D:2      | Reached XP level 5. HP: 45/50 MP: 5/5
  1978 | D:3      | Reached skill level 1 in Slings
  2293 | D:3      | Noticed Ijyb
  2303 | D:3      | Killed Ijyb
  2303 | D:3      | Reached XP level 6. HP: 47/59 MP: 6/6
  2942 | D:4      | Noticed Duvessa
  2967 | D:4      | Noticed Dowan
  3236 | D:4      | Reached *** piety under Lugonu
  3258 | D:4      | Noticed Natasha
  3259 | D:4      | Reached skill level 6 in Unarmed Combat
  3268 | D:4      | Killed Natasha
  3292 | D:4      | Killed Duvessa
  3292 | D:4      | Reached XP level 7. HP: 53/66 MP: 7/7
  3300 | D:4      | Killed Dowan
  3342 | D:4      | Noticed Natasha
  3346 | D:4      | Killed Natasha
  3564 | D:4      | Found a white marble altar of Elyvilon.
  3566 | D:4      | Found a bloodstained altar of Trog.
  3649 | D:4      | Noticed Natasha
  3653 | D:4      | Killed Natasha
  3653 | D:4      | Reached skill level 7 in Unarmed Combat
  4082 | D:5      | Entered Level 5 of the Dungeon
  4450 | D:5      | Reached XP level 8. HP: 74/74 MP: 8/8
  4490 | D:5      | Gained mutation: You are frail. (-10% HP) [potion of
                  | mutation]
  4490 | D:5      | Gained mutation: You are weak. (Str -2) [potion of
                  | mutation]
  4490 | D:5      | Gained mutation: You are resistant to hostile enchantments.
                  | (MR+) [potion of mutation]
  4519 | D:5      | Reached skill level 8 in Unarmed Combat
  4995 | D:6      | Found an iron altar of Okawaru.
  5044 | D:6      | Found a staircase to the Ecumenical Temple.
  5210 | D:6      | Reached **** piety under Lugonu
  5236 | D:6      | Found a hazy altar of Hepliaklqana.
  5760 | D:7      | Found a burning altar of Makhleb.
  5807 | D:7      | Found an ornate altar of the Wu Jian Council.
  5820 | D:7      | Reached skill level 9 in Unarmed Combat
  5823 | D:7      | Noticed a cyan ugly thing
  5836 | D:7      | HP: 2/66 [cyan ugly thing (15)]
  5837 | D:7      | Demolished by a cyan ugly thing

Illustrated notes

Levels and vault maps discovered:
D:1:      grunt_arrival_crossed_arrows, layout_loops_corners
D:2:      layout_loops_corners, xom_butterflies, lemuel_doored_altar
D:3:      layout_basic, uniq_ijyb
D:4:      layout_loops_ring, minitemple, gup_sewer_entry_bubbles, uniq_duvessa,
          uniq_natasha
D:5:      layout_basic
D:6:      layout_loops_ring, nicolae_overflow_crystal_walls,
          minmay_temple_entry_purple_smoke, chequers_serial_rivers_room_b,
          okawaru_gym_becter
D:7:      layout_basic, gammafunk_temple_overflow_arena,
          overflow_temple_1_default, bloody_makhleb, fountainhead,
          dk_noncrumbling_2, uniq_menkaure

Skill      XL: |  1  2  3  4  5  6  7  8 |
---------------+-------------------------+-----
Dodging        | 2 |  2.0
Unarmed Combat | 3 4 5 6 7 9 |  9.0
Throwing       | 1 |  1.0
Slings         | 1 2 3 4 |  4.0
Fighting       | |  2.4
Invocations    | |  1.5

Action                   |  1- 3 |  4- 6 |  7- 9 || total
-------------------------+-------+-------+-------++-------
Melee: Unarmed           |    60 |   112 |   111 ||   283
       Punch             |       |     3 |       ||     3
 Fire: Hunting sling     |    13 |    80 |    70 ||   163
Throw: Stone             |    50 |     2 |       ||    52
       Boomerang         |       |     8 |    14 ||    22
       Dart              |       |     1 |     4 ||     5
Invok: Depart the Abyss  |     1 |       |       ||     1
Evoke: Wand              |       |       |     8 ||     8
  Use: Scroll            |       |    11 |     3 ||    14
       Potion            |       |       |     1 ||     1
 Stab: Sleeping          |     1 |       |       ||     1
Armor: Robe              |    11 |    36 |    24 ||    71
Dodge: Dodged            |    18 |    48 |    28 ||    94
Block: Kite shield       |       |       |    14 ||    14

Table legend: (Time is in decaauts)
 A = Elapsed time spent in this place.
 B = Non-inter-level travel time spent in this place.
 C = Inter-level travel time spent in this place.
 D = Time resting spent in this place.
 E = Time spent auto-exploring this place.
 F = Levels seen in this place.
 G = Mean time per level.
                   A        B        C        D        E       F      G
               +--------+--------+--------+--------+--------+-----+--------+
         Total |   5790 |   5508 |    282 |      0 |   4514 |   8 |  723.8 |
       Dungeon |   5681 |   5399 |    282 |      0 |   4458 |   7 |  811.6 |
         Abyss |    109 |    109 |      0 |      0 |     56 |   1 |  109.0 |
               +--------+--------+--------+--------+--------+-----+--------+

Top non-repeatable levels by time:
     D:4: 1069 daAuts
     D:3: 1000 daAuts
     D:1: 945 daAuts
     D:2: 940 daAuts
     D:5: 894 daAuts
     D:6: 716 daAuts
     D:7: 116 daAuts
 Abyss:1: 109 daAuts
